AoeStats
← Křovák

MegaRandom

503220813Analyzed
1v1 RM · 1mo ago on Aug 30, 2026· 65m 33s· 2 players
Game mode
Random Map
Map size
Tiny (2 player)
Population
200
Speed
Normal
Resources
Standard
Victory
Conquest
Starting age
Dark Age
Ending age
Imperial Age
RankedLock teamsTeams togetherTeam positionsShared explorationLock speedFull tech treeHidden civsTurbo modeCheats
Victory
Defeat
🇺🇸 Bulgarians · United States
931
+15
🇨🇿 Byzantines · Czechia
919
-15
Křovák
8:38 Loom
11:48 Feudal Age
12:23 Double-Bit Axe
20:30 Horse Collar
24:48 Castle Age
24:33 Fletching
31:43 Bow Saw
33:56 Bodkin Arrow
37:46 Gold Mining
46:27 Imperial Age
44:33 Wheelbarrow
43:53 Pikeman
48:11 Ballistics
48:42 Heavy Plow
51:18 Murder Holes
57:55 Scale Mail Armor
Mr. Kiesang
10:32 Feudal Age
11:44 Double-Bit Axe
20:28 Castle Age
18:26 Arson
25:36 Wheelbarrow
28:03 Hand Cart
27:43 Stone Mining
28:54 Gold Mining
29:18 Bow Saw
29:43 Bloodlines
29:34 Husbandry
31:13 Stone Shaft Mining
35:19 Scale Barding Armor
36:46 Forging
38:00 Iron Casting
38:36 Scale Mail Armor
38:58 Chain Barding Armor
39:28 Ballistics
46:01 Imperial Age
45:11 Stirrups
46:24 Fletching
46:33 Murder Holes
47:23 Pikeman
48:06 Squires
50:39 Plate Barding Armor
54:20 Gold Shaft Mining
55:16 Elite Konnik
57:43 Blast Furnace
60:19 Chain Mail Armor
61:41 Chemistry
60:39 Bodkin Arrow
63:29 Bagains
Connection lost

Rejoining the realm…

Still unreachable

The connection could not be restored.

Session expired

The server has moved on; the page needs a fresh start.